 Dungeon Crawl Stone Soup version 0.29.0-4-gdea44cf6ec (webtiles) character file.

Game seed: 3009807192425015245

35 qw the Chopper (level 3, -1/21 HPs)
             Began as a Tengu Warper on Aug 28, 2022.
             Slain by an iguana (11 damage)
             ... on level 4 of the Dungeon.
             The game lasted 00:00:04 (1245 turns).

qw the Chopper (Tengu Warper)                       Turns: 1245, Time: 00:00:05

Health: -1/21      AC:  3    Str: 13    XL:     3   Next: 35%
Magic:  7/7        EV: 12    Int: 13    God:
Gold:   78         SH:  0    Dex: 13    Spells: 6/6 levels left

rFire   . . .      SeeInvis .   Y - +0 hand axe
rCold   . . .      Faith    .   (no shield)
rNeg    . . .      Spirit   .   b - +0 leather armour
rPois   .          Reflect  .   (helmet restricted)
rElec   .          Harm     .   (no cloak)
rCorr   .          Rampage  .   (no gloves)
Will    .....                   (boots unavailable)
Stlth   +.........              (no amulet)
HPRegen 0.07/turn               (no ring)
MPRegen 0.10/turn               (no ring)

@: no status effects
A: beak, talons 3
a: no special abilities


You were on level 4 of the Dungeon.
You visited 1 branch of the dungeon, and saw 3 of its levels.

You collected 78 gold pieces.


Innate Abilities, Weirdness & Mutations

You have a beak for a mouth.
You have claws for feet.


   Skills:
 - Level 2.0 Fighting
 + Level 4.1 Axes
 - Level 1.0 Throwing
 - Level 1.1 Armour
 - Level 2.1 Dodging
 - Level 2.0 Spellcasting
 - Level 2.4 Translocations


You had 6 spell levels left.
You didn't know any spells.
Your spell library contained the following spells:

 Spells                   Type           Power      Damage    Failure   Level
 Blink                    Tloc           14%        N/A       19%         2
 Gell's Gravitas          Tloc           7%         N/A       36%         3
 Lesser Beckoning         Tloc           7%         N/A       36%         3
 Teleport Other           Tloc           7%         N/A       36%         3
 Manifold Assault         Tloc           7%         N/A       98%         5

Inventory:

Hand Weapons
 d - a +0 club
 Y - a +0 hand axe (weapon)
Armour
 b - a +0 leather armour (worn)
Scrolls
 a - a scroll of vulnerability {unknown}
 c - a scroll of torment {unknown}
 h - 3 scrolls of identify
Potions
 e - a potion of attraction {unknown}
 f - a potion of heal wounds {unknown}

Dungeon Overview and Level Annotations

Branches:
Dungeon (2/15)

Altars:


Message History

The adder barely misses you. x2
You closely miss the adder. Your kick misses the adder. You peck the adder.
The adder is almost dead.
The adder bites you but does no damage.
You hit the adder. You claw the adder.
You kill the adder!
You have reached level 3!
Your experience leads to an increase in your attributes!
Increase (S)trength, (I)ntelligence, or (D)exterity?
You feel stronger. x2
You start resting.
You hear the slow hiss of a very distant avalanche of sand. x3
HP restored.
You now have 78 gold pieces (gained 11).
You hear the slow hiss of a very distant avalanche of sand.
An adder comes into view.
The adder hisses angrily.
You see here a puce potion.
You hit the adder. You claw the adder.
The adder is severely wounded.
The adder barely misses you.
You hit the adder.
You kill the adder!
Your Axes skill increases to level 4!
e - a puce potion An iguana comes into view.
The iguana hisses angrily.
You slash the iguana! Your kick misses the iguana.
You peck the iguana, but do no damage.
The iguana is heavily wounded.
The iguana barely misses you.
You hit the iguana. Your kick misses the iguana.
The iguana is severely wounded.
The iguana bites you!
Ouch! That really hurt!
You hit the iguana. Your kick misses the iguana.
The iguana is severely wounded.
The iguana bites you!
Ouch! That really hurt!
You die...

#.# #.# #.#
#.# # ..#
#..# #.#
#.#. #l#
#.#.##@#
#.#.##.#
#.###....#.#
#......#...#
#....###
#.#.##
###.###.#.#
..........#
...####.###


You could see an iguana.

Vanquished Creatures
  2 adders (D:4)
  A worm (D:2)
  A bat (D:1)
  An endoplasm (D:1)
  A giant cockroach (D:1)
  2 goblins (D:1)
  A hobgoblin (D:1)
  3 ball pythons (D:1)
  A frilled lizard (D:1)
  A kobold (D:1)
  A rat (D:2)
15 creatures vanquished.

Notes
Turn   | Place    | Note
-------+----------+-------------------------------------------
     0 | D:1      | qw the Tengu Warper began the quest for the Orb.
     0 | D:1      | Reached XP level 1. HP: 12/12 MP: 4/4
     0 | D:1      | 0 ||| qw: Version: 0.1-a-89-g26bdef1
     0 | D:1      | 0 ||| qw: Game counter: 2162
     0 | D:1      | 0 ||| qw: Always use a shield: true
     0 | D:1      | 0 ||| qw: God list: Okawaru
     0 | D:1      | 0 ||| qw: Allow faded altars: false
     0 | D:1      | 0 ||| qw: Do Orc after D:15 true
     0 | D:1      | 0 ||| qw: Do second Lair branch before Depths: true
     0 | D:1      | 0 ||| qw: Lair rune preference: random
     0 | D:1      | 0 ||| qw: Plans: Normal
     0 | D:1      | 0 ||| PLANNING D:1-11
   344 | D:1      | Reached XP level 2. HP: 17/17 MP: 6/6
   382 | D:1      | Reached skill level 3 in Axes
   794 | D:1      | 794 ||| READING scroll labelled FUYZEX FAUTUGY.
   798 | D:1      | 798 ||| READING scroll labelled ZOFFUR MAIRHUT.
   799 | D:1      | 799 ||| READING 2 scrolls labelled TEW FIAPSIU.
   800 | D:1      | 800 ||| READING scroll labelled JACAVI LOPA.
   801 | D:1      | 801 ||| DROPPING scroll of blinking.
  1015 | D:2      | You fall into a shaft and drop 2 floors!
  1019 | D:4      | 1019 ||| PLANNING OSSUARY
  1026 | D:4      | Noticed a scorpion
  1030 | D:4      | Reached XP level 3. HP: 8/21 MP: 7/7
  1224 | D:4      | Reached skill level 4 in Axes
  1245 | D:4      | Slain by an iguana

Levels and vault maps discovered:
D:1:      eino_arrival_water_star, layout_loops_ring
D:2:      layout_loops_corners, hangedman_decor_peaks_small
D:4:      layout_loops_ring, minmay_temple_entry_slanted,
          nicolae_ossuary_entry_plus, minmay_surrounded, uniq_natasha,
          uniq_edmund, uniq_sigmund

Skill      XL: |  1  2  3 |
---------------+----------+-----
Axes           | 3 4 |  4.1
Fighting       | |  2.0
Throwing       | |  1.0
Armour         | |  1.1
Dodging        | |  2.1
Spellcasting   | |  2.0
Translocations | |  2.4

Action                   || total
-------------------------++-------
Melee: Hand axe          ||    41
       Kick              ||     6
       Peck              ||     4
Throw: Boomerang         ||     7
  Use: Scroll            ||     4
Armor: Leather armour    ||     9
Dodge: Dodged            ||    27

Table legend:
 A = Non-vault XP
 B = Vault XP
 C = Vault XP percentage of total XP
 D = Non-vault monster count
 E = Vault monster count
 F = Vault count percentage of total count
                 A         B        C        D         E       F
            +---------+---------+-------+---------+---------+-------
      Total |      51 |       0 |   0.0 |      15 |       0 |   0.0
            +---------+---------+-------+---------+---------+-------
        D:1 |      19 |       0 |   0.0 |      11 |       0 |   0.0
        D:2 |       6 |       0 |   0.0 |       2 |       0 |   0.0
        D:4 |      26 |       0 |   0.0 |       2 |       0 |   0.0
            +---------+---------+-------+---------+---------+-------
